 Dungeon Crawl Stone Soup version 0.30.0-5-g1a98f26d00 (webtiles) character file.

Game seed: 16212766248207603776

42 Odexios the Insei (level 3, 0/23 HPs)
             Began as an Octopode Transmuter on May 8, 2023.
             Slain by a cerulean imp
             ... wielding a +2 spear
             ... summoned by Natasha
              (3 damage)
             ... on level 2 of the Dungeon.
             The game lasted 00:03:17 (1057 turns).

Odexios the Insei (Octopode Transmuter)             Turns: 1057, Time: 00:03:18

Health: 0/23       AC:  2    Str:  9    XL:     3   Next: 56%
Magic:  2/6        EV: 19    Int: 17    God:
Gold:   45         SH:  0    Dex: 17    Spells: 0/6 levels left

rFire   . .          .
                       - Unarmed
rCold   . . .        (shield currently unavailable)
rNeg    . . .        (helmet currently unavailable)
rPois   x            (no amulet)
rElec   .            (no ring)
rCorr   .            (no ring)
SInv    .            (no ring)
Will    .....        (no ring)
Stlth   ++           (no ring)
HPRegen 0.23/turn    (no ring)
MPRegen 0.10/turn    (no ring)
                     (no ring)

%: no passive effects
@: spider-form
A: venomous fangs, almost no armour, (amphibious), 8 rings, tiny, (camouflage
1), (gelatinous body 1), (nimble swimmer 1), (tentacles)
a: End Transformation


You were on level 2 of the Dungeon.
You were a venomous arachnid creature.
You visited 1 branch of the dungeon, and saw 2 of its levels.

You collected 45 gold pieces.

Inventory:

Scrolls
 b - a scroll of torment {unknown}
 d - a scroll of brand weapon {unknown}
 f - a scroll of immolation {unknown}
 g - 3 scrolls of vulnerability {unknown}
 h - a scroll of fog {unknown}
 j - a scroll of teleportation {unknown}
Potions
 a - a potion of lignification
 c - a potion of cancellation {unknown}
 e - a potion of curing {unknown}
 i - a potion of resistance {unknown}


   Skills:
 - Level 1.0 Fighting
 - Level 2.0 Dodging
 + Level 2.4 Stealth
 - Level 3.0 Unarmed Combat
 - Level 2.0 Spellcasting
 + Level 2.7 Transmutations
 + Level 2.0 Poison Magic


You couldn't memorise any spells.
You knew the following spells:

 Your Spells              Type           Power      Damage    Failure   Level
a - Beastly Appendage     Tmut           22%        N/A       17%         1
b - Wereblood             Tmut           11%        N/A       24%         2
c - Spider Form           Tmut/Pois      9%         N/A       43%         3

Your spell library contained the following spells:

 Spells                   Type           Power      Damage    Failure   Level
 Passwall                 Tmut/Erth      5%         N/A       36%         2
 Ensorcelled Hibernation  Hex/Ice        2%         N/A       50%         2
 Swiftness                Air            1%         N/A       71%         3
 Ice Form                 Ice/Tmut       6%         N/A       88%         4


Dungeon Overview and Level Annotations

Branches:
Dungeon (2/15)

Altars:

Annotations:
D:2 Natasha


Innate Abilities, Weirdness & Mutations

You are a venomous arachnid creature.
You have venomous fangs.
You are tiny and dextrous.
Your spellcasting is less reliable in this form.
Your armour is entirely melded.
You are incapable of wielding weapons or throwing items.
You cannot wear most types of armour.
((You are amphibious.))
You can wear up to eight rings at the same time.
((Your skin changes colour to match your surroundings (Stealth+).))
((Your rubbery body absorbs attacks. (AC +1, EV +1)))
((You are camouflaged when in or above water. (Stealth+)))
((You have tentacles for arms and can constrict up to eight enemies at once.))


Message History

The kobold misses you.
Natasha mumbles some strange words.
You hear a shout!
Casting: Beastly Appendage (safe; 6% risk of failure)
Confirm with . or Enter, or press ? or * to list all spells.
The spell is extremely dangerous to miscast (22% risk of failure)!
Continue anyway?
Your tentacle spike disappears.
You turn into a venomous arachnid creature.
A goblin comes into view. It is wielding a +0 dagger.
The kobold hits you but does no damage.
Natasha stares at you and mumbles some strange words.
The magic dart hits you.
You hit the kobold.
You kill the kobold!
Your Poison Magic skill increases to level 2!
Unknown command.
Natasha howls an incantation.
You feel troubled. Natasha casts a spell at you. The magic dart hits you!
* * * LOW HITPOINT WARNING * * *
Unknown command.
Natasha completely misses you.
The cerulean imp hits you from afar with a +2 spear.
* * * LOW HITPOINT WARNING * * *
Unknown command.
You barely miss Natasha. Natasha claws you.
* * * LOW HITPOINT WARNING * * *
The cerulean imp hits you from afar with a +2 spear.
* * * LOW HITPOINT WARNING * * *
Unknown command.
Unknown command.
You hit Natasha.
Natasha is poisoned.
Natasha is lightly wounded.
Natasha misses you.
Unknown command.
You hit Natasha.
Natasha is heavily wounded.
The cerulean imp hits you from afar with a +2 spear.
You die...

#............#####....
#†###.###.########....
#.# #............#..#
#.# #.###.#.........#
#.# #.........$.###.
#.# #.###..........#
#.# #.# #.(.....?# #.#
#.###.)......# ..#
........s....# ###
.##.####h##..# # .:.
5g. .# # ### ##### # #
# #### ...## ....##


You could see Natasha (very poisoned), a cerulean imp (summoned) and a goblin.

Vanquished Creatures
  A worm (D:2)
  2 dart slugs (D:1)
  3 ball pythons (D:1)
  2 endoplasms (D:1)
  2 giant cockroaches
  2 goblins (D:1)
  2 hobgoblins (D:1)
  8 jackals
  2 bats (D:1)
  4 frilled lizards
  4 kobolds
  A rat (D:1)
33 creatures vanquished.

Notes
Turn   | Place    | Note
-------+----------+-------------------------------------------
     0 | D:1      | Odexios the Octopode Transmuter began the quest for the
                  | Orb.
     0 | D:1      | Reached XP level 1. HP: 13/13 MP: 3/3
    22 | D:1      | Reached skill level 1 in Stealth
    70 | D:1      | Reached XP level 2. HP: 10/18 MP: 3/5
   108 | D:1      | Learned a level 2 spell: Wereblood
   132 | D:1      | Reached skill level 1 in Poison Magic
   370 | D:1      | Reached XP level 3. HP: 23/23 MP: 2/6
   439 | D:1      | Learned a level 3 spell: Spider Form
   445 | D:1      | Found a faded altar of an unknown god.
  1049 | D:2      | Noticed Natasha
  1057 | D:2      | Slain by a cerulean imp

Illustrated notes

Levels and vault maps discovered:
D:1:      spicycebolla_arrival_xxxplode, layout_loops_ring,
          shapermc_ecumenical_altar_mp_urbaneastern,
          chequers_hall_statues_wall_a
D:2:      layout_loops_ring, serial_shops, shop, pf_guarded_unrand_woodcutter,
          uniq_natasha

Skill      XL: |  1  2  3 |
---------------+----------+-----
Stealth        | 1 2 |  2.4
Poison Magic   | 1 2 |  2.0
Fighting       | |  1.0
Dodging        | |  2.0
Unarmed Combat | |  3.0
Spellcasting   | |  2.0
Transmutations | |  2.7

Action                     || total
---------------------------++-------
  Melee: Unarmed           ||    70
         Kick              ||    13
         Constrict         ||    17
         Tentacles         ||    16
         Punch             ||     1
   Cast: Beastly Appendage ||    18
         Wereblood         ||     3
         Spider Form       ||     1
   Stab: Sleeping          ||     5
 Armour: Skin              ||     6
  Dodge: Dodged            ||    33
